 Dungeon Sprint DCSS version 0.27-a0-249-g74f53ef629 (webtiles) character file.

Game seed: 16405124552819540323

165 mhtbhm the Protected (level 5, -3/53 HPs)
             Began as a Minotaur Fighter on Feb 4, 2021.
             Was a Priest of Trog.
             Succumbed to a gnoll sergeant's poison
             ... in the Dungeon (Sprint VII: "The Pits").
             The game lasted 00:00:49 (265 turns).

mhtbhm the Protected (Minotaur Fighter)              Turns: 265, Time: 00:00:51

Health: -3/53      AC: 13    Str: 21    XL:     5   Next: 21%
Magic:  4/4        EV:  6    Int:  5    God:    Trog [***...]
Gold:   0          SH: 11    Dex: 10    Spells: 4/4 levels left

rFire    . . .     SeeInvis .   a - +2 hand axe
rCold    . . .     Faith    .   c - +0 kite shield
rNeg     . . .     Spirit   .   b - +3 chain mail
rPois    .         Reflect  .   (helmet restricted)
rElec    .         Harm     .   (no cloak)
rCorr    .         Rampage  .   (no gloves)
Will     .....     NoTele   +   (no boots)
Stlth    ..........             (no amulet)
HPRegen  0.17/turn              (no ring)
MPRegen  0.09/turn              (no ring)

@: lethally poisoned (-3 -> -52), berserk cooldown, slowed, very slow
A: retaliatory headbutt, horns 2
a: Renounce Religion, Berserk, Trog's Hand


You were in the Dungeon.
You worshipped Trog.
Trog was most pleased with you.
You visited 1 branch

Inventory:

Hand Weapons
 a - a +2 hand axe (weapon)
Armour
 b - a +3 chain mail (worn)
 c - a +0 kite shield (worn)
Scrolls
 j - a scroll of blinking
 l - 3 scrolls of remove curse
 m - a scroll of summoning
Potions
 d - a potion of might
 e - 5 potions of curing
 f - 6 potions of heal wounds
 g - a potion of haste
 h - 4 potions of magic
 i - 3 potions of berserk rage
 k - 2 potions of invisibility


   Skills:
 + Level 7.7 Fighting
 + Level 4.9 Axes
 + Level 8.0 Armour
 + Level 0.4 Dodging
 + Level 7.6 Shields


You had 4 spell levels left.
You didn't know any spells.
Your spell library was empty.

Dungeon Overview and Level Annotations

Branches:
Dungeon (1/1)

Altars:
Cheibriados
Dithmenos
Elyvilon
Fedhas
Gozag
Hepliaklqana
Makhleb
Nemelex Xobeh
Okawaru
Qazlal
Ru
Sif Muna
Trog
Vehumet
Wu Jian
Xom
Yredelemnul
Zin
The Shining One
Beogh
Jiyva
Lugonu


Innate Abilities, Weirdness & Mutations

You reflexively headbutt those who attack you in melee.
You have a pair of horns on your head.


Message History

The gnoll sergeant hits you with a +1 spear of venom.
* * * LOW HITPOINT WARNING * * *
* * * LOW HITPOINT WARNING * * *
You feel very sick. The floating eye's view fixates on you.
The gnoll sergeant hits you with a +1 spear of venom.
* * * LOW HITPOINT WARNING * * *
You are more poisoned.
You can move again.
Your chain mail prevents you from hitting the gnoll sergeant.
Your headbutt misses the gnoll sergeant.
The gnoll sergeant is heavily wounded.
You are no longer berserk.
You are exhausted.
You feel yourself slow down.
* * * LOW HITPOINT WARNING * * *
You feel sick.
You hit the gnoll sergeant.
The gnoll sergeant is severely wounded.
You die...

#.?(.')))'.##.....
##########.##.....
#...........'.....
#'#####'#####.....
#.#...).#..##.....
#.#.....#))#####'#
#.###'###))##.....
#†#)....#))##.....
#@#.....#[[##.....
#g####'##'###...<.
#5#........##.....
#G#........##.....
#g###########.....
#gg# ###### #G..g
##.#g# ...G.


You could see a gnoll sergeant, 2 floating eyes, 3 gnolls and an ufetubus.

Vanquished Creatures
  A floating eye (D)
  A hound (D)
  A gnoll (D)
  2 ufetubi (D)
  An ooze (D)
  A leopard gecko (D)
  An orc (D)
  2 quokkas (D)
  A kobold (D)
11 creatures vanquished.

Notes
Turn   | Place    | Note
-------+----------+-------------------------------------------
     0 | D        | mhtbhm the Minotaur Fighter began the quest for the Orb.
     0 | D        | Reached XP level 1. HP: 19/19 MP: 0/0
    13 | D        | Reached skill level 4 in Armour
    17 | D        | Found a bloodstained altar of Trog.
    17 | D        | Found a shimmering blue altar of Sif Muna.
    17 | D        | Found a viscous altar of Jiyva.
    17 | D        | Found a hazy altar of Hepliaklqana.
    17 | D        | Found an opulent altar of Gozag.
    18 | D        | Found a glowing golden altar of the Shining One.
    18 | D        | Found a glowing silver altar of Zin.
    18 | D        | Found a basalt altar of Yredelemnul.
    18 | D        | Found a shimmering altar of Xom.
    18 | D        | Found an ornate altar of the Wu Jian Council.
    18 | D        | Found a sacrificial altar of Ru.
    18 | D        | Found a stormy altar of Qazlal.
    18 | D        | Found an iron altar of Okawaru.
    18 | D        | Found a sparkling altar of Nemelex Xobeh.
    18 | D        | Found a burning altar of Makhleb.
    18 | D        | Found a blossoming altar of Fedhas.
    18 | D        | Found a white marble altar of Elyvilon.
    18 | D        | Found a shadowy altar of Dithmenos.
    18 | D        | Found a snail-covered altar of Cheibriados.
    20 | D        | Found a radiant altar of Vehumet.
    20 | D        | Found a corrupted altar of Lugonu.
    20 | D        | Found a roughly hewn altar of Beogh.
    22 | D        | Became a worshipper of Trog the Wrathful
    67 | D        | Noticed a floating eye
    68 | D        | Paralysed by a floating eye for 2 turns
    71 | D        | Killed a floating eye
    71 | D        | Reached * piety under Trog
    72 | D        | Reached skill level 7 in Armour
    72 | D        | Reached XP level 2. HP: 34/34 MP: 1/1
    72 | D        | Reached XP level 3. HP: 39/39 MP: 2/2
    72 | D        | Reached XP level 4. HP: 47/47 MP: 3/3
   136 | D        | Reached ** piety under Trog
   232 | D        | Noticed a floating eye
   232 | D        | Noticed a floating eye
   234 | D        | Noticed a gnoll sergeant
   243 | D        | Reached XP level 5. HP: 49/52 MP: 4/4
   245 | D        | Paralysed by a floating eye for 4 turns
   252 | D        | Reached *** piety under Trog
   252 | D        | Paralysed by a floating eye for 3 turns
   253 | D        | Reached skill level 8 in Armour
   260 | D        | Paralysed by a floating eye for 3 turns
   265 | D        | Succumbed to a gnoll sergeant's poison

Illustrated notes

Levels and vault maps discovered:
D:        pitsprint [storerooms_1, entrance_room_1, metal_vault_7, armoury_2,
          mini_pit_1, grid_room_1, main_hall_1, silver_pit, the_coven_2,
          the_vestibule_1, steel_vault_4, golden_pit, hallway_of_sentries,
          crystal_vault_1, iron_vault_5, final_vault]

Skill      XL: |  1  2  3  4  5 |
---------------+----------------+-----
Fighting       | 7 |  7.7
Armour         | 7 8 |  8.0
Shields        | 6 7 |  7.6
Axes           | 4 |  4.9
Dodging        | |  0.4

Action                   |  1- 3 |  4- 6 || total
-------------------------+-------+-------++-------
Melee: Hand axe          |     5 |    26 ||    31
       Headbutt          |     2 |     4 ||     6
       War axe           |     1 |       ||     1
Invok: Berserk           |       |     1 ||     1
  Use: Potion            |       |     1 ||     1
Armor: Scale mail        |       |     7 ||     7
       Chain mail        |       |    13 ||    13
Dodge: Dodged            |       |    13 ||    13
Block: Kite shield       |     1 |    26 ||    27

Table legend: (Time is in decaauts)
 A = Elapsed time spent in this place.
 B = Non-inter-level travel time spent in this place.
 C = Inter-level travel time spent in this place.
 D = Time resting spent in this place.
 E = Time spent auto-exploring this place.
 F = Levels seen in this place.
 G = Mean time per level.
                   A        B        C        D        E       F      G
               +--------+--------+--------+--------+--------+-----+--------+
         Total |    269 |    269 |      0 |     50 |     56 |   1 |  269.0 |
       Dungeon |    269 |    269 |      0 |     50 |     56 |   1 |  269.0 |
               +--------+--------+--------+--------+--------+-----+--------+

Top non-repeatable levels by time:
       D: 269 daAuts
